[Event "Team 45 45 League T46"]
[Site "Internet Chess Club"]
[Date "2010.08.23"]
[Round "3"]
[White "Spedicken"]
[Black "GreatPelle"]
[Result "0-1"]
[WhiteElo "2034"]
[BlackElo "2064"]
[Opening "Robatsch (modern) defense"]
[ECO "B06"]
[Time "13:00:12"]
[TimeControl "2700+45"]

1. e4 g6 2. d4 Bg7 3. Nc3 d6 4. Nge2 Nc6 5. Be3 e5 6. Qd2 f5 7. f3 Nf6 8. O-O-O
O-O 9. Kb1 a6 10. exf5 Bxf5 11. g4 Bd7 12. d5 Ne7 13. Ng3 b5 14. Bg5 b4 15. Bxf6
Rxf6 16. Nce4 Rxf3 17. h3 a5 18. Be2 Rf4 19. Rhf1 Qf8 20. h4 h6 21. c4 Re8 22.
c5 dxc5 23. Nxc5 Rd8 24. Nb7 Rb8 25. Nc5 Bc8 26. d6 cxd6 27. Qxd6 Ra8 28. h5 Qf6
29. Bc4+ Kh7 30. Ne6 Bxe6 31. Bxe6 e4 32. Qd2 Rxf1 33. hxg6+ Nxg6 34. Rxf1 Qxe6
35. g5 e3 36. Qd3 Qe5 {White resigns} 0-1

[Event "Team 45 45 League T46"]
[Site "Internet Chess Club"]
[Date "2010.08.20"]
[Round "3"]
[White "frank001"]
[Black "Folgers"]
[Result "0-1"]
[WhiteElo "1863"]
[BlackElo "2009"]
[Opening "KGA: Bonsch-Osmolovsky variation"]
[ECO "C34"]
[Time "23:00:21"]
[TimeControl "2700+45"]

1. f4 e5 2. e4 exf4 3. Nf3 Ne7 4. d4 Ng6 5. h4 h5 6. Bc4 Be7 7. c3 O-O 8. Qb3 d6
9. O-O Bxh4 10. Nxh4 Qxh4 11. Nd2 Nc6 12. Bd3 Qg4 13. Rf2 h4 14. Be2 Qg3 15. Nf1
Qg5 16. Bd2 h3 17. g3 Qe7 18. Qc2 f5 19. Bd3 fxg3 20. Nxg3 Qh4 21. Kh2 f4 22.
Nh1 Nge7 23. Raf1 g5 24. Be1 Qh6 25. Bd2 Ng6 26. e5 Ngxe5 27. dxe5 Nxe5 28. Be2
Be6 29. Rg1 Kh8 30. Qe4 c6 31. c4 Rf6 32. Bc3 Bf5 33. Qd4 b6 34. b4 c5 35. bxc5
bxc5 36. Qd5 Re8 37. Bd2 Be4 38. Qxe4 Ng4+ 39. Bxg4 Rxe4 40. Bc3 Rxc4 41. Bxf6+
Qxf6 42. Bxh3 d5 43. Rfg2 f3 44. Rf2 Qe5+ 45. Ng3 g4 46. Bf1 Rb4 47. Bd3 Rb6
{White resigns} 0-1

[Event "Team 45 45 League T46"]
[Site "Internet Chess Club"]
[Date "2010.08.22"]
[Round "3"]
[White "Eyechess"]
[Black "chipionero"]
[Result "1-0"]
[WhiteElo "1781"]
[BlackElo "1722"]
[Opening "King's Indian: 4.e4"]
[ECO "E70"]
[Time "13:30:13"]
[TimeControl "2700+45"]

1. d4 Nf6 2. c4 g6 3. Nc3 Bg7 4. e4 d6 5. Bd3 O-O 6. Nge2 e5 7. d5 Nbd7 8. O-O
Nc5 9. b4 Nxd3 10. Qxd3 Nh5 11. Be3 f5 12. f3 f4 13. Bf2 Nf6 14. c5 g5 15. cxd6
cxd6 16. Rfc1 g4 17. Nb5 Rf7 18. Nxa7 Bf8 19. Nxc8 Rxc8 20. Rxc8 Qxc8 21. Rc1
Qe8 22. Bh4 gxf3 23. Qxf3 Be7 24. Bxf6 Bxf6 25. Qg4+ Rg7 26. Rc8 Rxg4 27. Rxe8+
Kf7 28. Rb8 f3 29. Rxb7+ Be7 30. Ng3 Kf6 31. gxf3 Rg5 32. Kf2 h6 33. Nf5 Bf8 34.
Rh7 Rh5 35. h4 {Black resigns} 1-0

[Event "Team 45 45 League T46"]
[Site "Internet Chess Club"]
[Date "2010.08.23"]
[Round "3"]
[White "imawesome"]
[Black "zepled37"]
[Result "0-1"]
[WhiteElo "1670"]
[BlackElo "1721"]
[Opening "Sicilian: Alapin's variation (2.c3)"]
[ECO "B22"]
[Time "20:04:23"]
[TimeControl "2700+45"]

1. e4 c5 2. c3 d5 3. exd5 Qxd5 4. d4 Nf6 5. Nf3 e6 6. Be3 cxd4 7. cxd4 Nc6 8.
Nc3 Qd6 9. Nb5 Qd8 10. Bc4 a6 11. Nc3 Be7 12. O-O O-O 13. Qd2 Bd7 14. d5 exd5
15. Nxd5 Nxd5 16. Qxd5 Qc8 17. Qd2 Bf6 18. Rac1 Rd8 19. Bb6 Re8 20. Rfd1 Be6 21.
b3 Bxc4 22. Rxc4 Qe6 23. Nd4 Qd5 24. Nf3 Qe6 25. Nd4 Bg5 26. Nxe6 Bxd2 27. Nc7
Rac8 28. Nxe8 Rxe8 29. h3 Bg5 30. Rc3 Re2 31. Be3 Bf6 32. Bd4 Be7 33. Be3 Rxa2
34. Rd7 Bf6 35. Rcd3 b5 36. Rc7 Ra1+ 37. Kh2 Be5+ 38. g3 Bxc7 39. Rc3 Bxg3+ 40.
Kxg3 Rg1+ 41. Kh2 Rg6 42. Bc5 h6 43. b4 Ne5 44. Re3 Nc4 45. Re8+ Kh7 46. Re7 Rf6
47. Bd4 Rf4 48. Bc5 Kg6 49. Kg3 Rf6 50. Bd4 Rd6 51. Bc5 Re6 52. Rd7 Ne5 53. Rd5
Nc4 54. f4 Rf6 55. Rd1 Kf5 56. Kf3 g5 57. fxg5 hxg5 58. Kg3 Re6 59. Kf3 Ne5+ 60.
Kg3 Nc4 61. Kf3 Nb6 62. Ra1 Nd5 63. Rd1 Nf4 64. Rd7 f6 65. Rh7 Ng6 66. Re7 Nxe7
{White resigns} 0-1

[Event "Team 45 45 League T46"]
[Site "Internet Chess Club"]
[Date "2010.08.22"]
[Round "3"]
[White "MaxII"]
[Black "Nikhil03"]
[Result "0-1"]
[WhiteElo "1617"]
[BlackElo "1574"]
[Opening "Sicilian: Marshall variation"]
[ECO "B41"]
[Time "09:02:29"]
[TimeControl "2700+45"]

1. e4 e6 2. d4 c5 3. Nf3 d5 4. Nc3 Nc6 5. exd5 exd5 6. Bb5 Nf6 7. O-O Be7 8.
dxc5 Bxc5 9. Re1+ Be6 10. Ne5 O-O 11. Nxc6 bxc6 12. Bxc6 Qb6 13. Nxd5 Bxd5 14.
Bxd5 Bxf2+ 15. Kf1 Nxd5 16. Qxd5 Bxe1 17. Kxe1 Rad8 18. Qc4 Rfe8+ 19. Kf1 Rd1#
{White checkmated} 0-1

[Event "Team 45 45 League T46"]
[Site "Internet Chess Club"]
[Date "2010.08.21"]
[Round "3"]
[White "crazyhorses"]
[Black "SpeedBlade"]
[Result "1/2-1/2"]
[WhiteElo "1527"]
[BlackElo "1443"]
[Opening "Réti: King's Indian attack (Barcza system)"]
[ECO "A07"]
[Time "14:00:59"]
[TimeControl "2700+45"]

1. Nf3 d5 2. g3 c6 3. Bg2 Bf5 4. d3 Nf6 5. Nbd2 h6 6. b3 e6 7. Bb2 Bd6 8. O-O
Qe7 9. a3 O-O 10. e4 dxe4 11. dxe4 Nxe4 12. Nxe4 Bxe4 13. Qd4 f5 14. Rad1 Rd8
15. Ne5 Bxg2 16. Kxg2 Na6 17. Ng6 Qf7 18. Ne5 Qe7 19. Ng6 Qf7 20. Ne5 Qe7 {Game
drawn by repetition} 1/2-1/2

[Event "Team 45 45 League T46"]
[Site "Internet Chess Club"]
[Date "2010.08.22"]
[Round "3"]
[White "sly20"]
[Black "ryan2chess"]
[Result "1/2-1/2"]
[WhiteElo "1406"]
[BlackElo "1676"]
[Opening "KP: Indian opening"]
[ECO "C20"]
[Time "14:02:06"]
[TimeControl "2700+45"]

1. e4 e5 2. d3 Nf6 3. Nf3 d6 4. h3 h6 5. Be2 Nc6 6. c3 Be7 7. O-O O-O 8. Be3 Be6
9. b4 b6 10. Nbd2 a5 11. b5 Na7 12. d4 exd4 13. cxd4 Bd7 14. Qb3 a4 15. Qb2 Qe8
16. Rab1 Qc8 17. d5 Re8 18. Rfc1 Qb7 19. Nd4 Bf8 20. Bd3 Bc8 21. Nc6 Nxc6 22.
bxc6 Qa7 23. Bxh6 Nxd5 24. exd5 gxh6 25. Re1 Ba6 26. Bxa6 Qxa6 27. Qd4 Bg7 28.
Qg4 Qd3 29. Ne4 Kh8 30. Rbd1 Qc4 31. Re2 f5 32. Nxd6 Qxg4 33. Rxe8+ Rxe8 34.
hxg4 cxd6 35. gxf5 Rf8 36. Rc1 Rc8 37. Rb1 Bd4 38. Rb4 Bc5 39. Rxa4 Kg7 40. Rh4
Kf6 41. Rxh6+ Kxf5 42. Re6 Kf4 43. Kf1 Ra8 44. Re2 b5 45. Ke1 Bb6 46. Kd1 Rg8
47. Re6 Bc7 48. Re7 Rc8 49. Kc2 Bb6 50. Re6 Bc7 51. Kb3 Rb8 52. Kb4 Kf5 53. Kb3
Rc8 54. Kb4 Rb8 55. Kb3 {Game drawn by mutual agreement} 1/2-1/2

[Event "Team 45 45 League T46"]
[Site "Internet Chess Club"]
[Date "2010.08.20"]
[Round "3"]
[White "civilization"]
[Black "kidviper"]
[Result "0-1"]
[WhiteElo "1667"]
[BlackElo "1917"]
[Opening "Sicilian: Alapin's variation (2.c3)"]
[ECO "B22"]
[Time "12:04:03"]
[TimeControl "2700+45"]

1. e4 c5 2. c3 d5 3. exd5 Qxd5 4. d4 e6 5. Nf3 Nf6 6. Na3 cxd4 7. Nb5 Qd8 8.
Qxd4 Qxd4 9. Nbxd4 Bd7 10. Bb5 a6 11. Bxd7+ Nbxd7 12. Bf4 Be7 13. O-O O-O 14.
Ne5 Nxe5 15. Bxe5 Nd7 16. Bg3 Nc5 17. b3 Ne4 18. c4 Bf6 19. Rad1 Nc3 20. Rd2
Bxd4 21. Rxd4 Ne2+ 22. Kh1 Nxd4 23. Rd1 Nf5 {White resigns} 0-1

[Event "Team 45 45 League T46"]
[Site "Internet Chess Club"]
[Date "2010.08.22"]
[Round "3"]
[White "noblitz-oblige"]
[Black "Theodulf"]
[Result "1-0"]
[WhiteElo "1652"]
[BlackElo "1571"]
[Opening "Petrov: classical attack"]
[ECO "C42"]
[Time "08:01:57"]
[TimeControl "2700+45"]

1. e4 e5 2. Nf3 Nf6 3. Nxe5 d6 4. Nf3 Nxe4 5. d4 d5 6. h3 Bd6 7. Bd3 O-O 8. O-O
Nc6 9. c4 Nf6 10. c5 Be7 11. a3 Be6 12. Nc3 h6 13. Bf4 a6 14. b4 Qd7 15. b5 Na5
16. c6 bxc6 17. bxa6 Bd6 18. Bd2 Nb3 19. Qxb3 Bxh3 20. Ne2 Qg4 21. Ng3 Nh5 22.
gxh3 Qxf3 23. Bh7+ {Black resigns} 1-0

[Event "Team 45 45 League T46"]
[Site "Internet Chess Club"]
[Date "2010.08.21"]
[Round "3"]
[White "allanchs"]
[Black "Bible-Believer"]
[Result "1-0"]
[WhiteElo "1530"]
[BlackElo "1514"]
[Opening "Alekhine's defense: exchange variation"]
[ECO "B03"]
[Time "14:00:20"]
[TimeControl "2700+45"]

1. e4 Nf6 2. e5 Nd5 3. d4 d6 4. c4 Nb6 5. exd6 exd6 6. Nc3 Nc6 7. Be3 Be7 8. Bd3
Nb4 9. Bb1 O-O 10. a3 Nc6 11. Qd3 g6 12. Nf3 Bg4 13. Bh6 Re8 14. O-O Bf5 15. Qd2
Nxc4 16. Qf4 Qd7 17. b3 Nb6 18. d5 Bf6 19. dxc6 Qxc6 20. Bxf5 Qxc3 21. Bg4 Nd5
22. Qc1 Qxb3 23. Rb1 Qa4 24. Bh3 Qa6 25. Bd2 Re2 26. Rd1 c6 27. g3 Rae8 28. Bf1
{Black resigns} 1-0

[Event "Team 45 45 League T46"]
[Site "Internet Chess Club"]
[Date "2010.08.21"]
[Round "3"]
[White "kidcobra"]
[Black "kingphisch"]
[Result "1-0"]
[WhiteElo "1621"]
[BlackElo "1468"]
[Opening "Caro-Kann: classical, Maróczy attack"]
[ECO "B18"]
[Time "13:00:28"]
[TimeControl "2700+45"]

1. e4 c6 2. d4 d5 3. Nc3 dxe4 4. Nxe4 Bf5 5. Ng3 Bg6 6. f4 e6 7. Nf3 Nd7 8. Bd3
Ngf6 9. O-O Bd6 10. Ne5 O-O 11. Bxg6 hxg6 12. Re1 Bxe5 13. dxe5 Nd5 14. c4 N5b6
15. b3 Qc7 16. Bb2 Rad8 17. Qc2 Nc5 18. Red1 Rxd1+ 19. Rxd1 Rd8 20. Ba3 Rxd1+
21. Qxd1 Qd7 22. Qxd7 Ncxd7 23. Ne4 Nc8 24. g4 f6 25. Bb2 fxe5 26. fxe5 b6 27.
Ng5 Nf8 28. Ba3 c5 29. b4 Ne7 30. bxc5 bxc5 31. Bxc5 Nc6 32. Bxf8 Kxf8 33. Nxe6+
Kf7 34. Ng5+ Ke7 35. Nf3 Ke6 36. Kf2 a5 37. Ke3 Nb4 38. a4 Nc2+ 39. Ke4 Nb4 40.
Nd4+ Ke7 41. c5 Na6 42. c6 Nc5+ 43. Kd5 Nxa4 44. c7 Kd7 45. Nb3 Nb6+ 46. Kc5
Kxc7 47. Nxa5 Nd7+ 48. Kd5 Nb6+ 49. Ke6 Nd7 50. Nc4 Kc6 51. Kf7 Kd5 52. e6 Nf6
53. g5 Ne4 54. e7 Nxg5+ 55. Kxg6 Ne6 56. e8=Q Nf4+ 57. Kf5 Nd3 58. Qe4+ {Black
resigns} 1-0

[Event "Team 45 45 League T46"]
[Site "Internet Chess Club"]
[Date "2010.08.22"]
[Round "3"]
[White "Eyechess"]
[Black "andrew28"]
[Result "1-0"]
[WhiteElo "1793"]
[BlackElo "1685"]
[Opening "Dutch"]
[ECO "A80"]
[Time "17:18:10"]
[TimeControl "2700+45"]

1. d4 f5 2. Nc3 Nf6 3. Bg5 e6 4. e4 fxe4 5. Nxe4 Be7 6. Bxf6 Bxf6 7. Qh5+ g6 8.
Qh6 Qe7 9. Nxf6+ Qxf6 10. Qe3 O-O 11. Nf3 Nc6 12. Bc4 d5 13. Bb5 Bd7 14. O-O
Rae8 15. Rae1 Rf7 16. Ne5 Nxe5 17. dxe5 Qe7 18. Bxd7 Qxd7 19. Qxa7 Qb5 20. Qa3
Rf4 21. c3 Ra4 22. Qb3 Qxb3 23. axb3 Ra2 24. Re2 Rea8 25. f4 c5 26. g4 R8a3 27.
f5 exf5 28. gxf5 Rxb3 29. e6 Rbxb2 30. Rxb2 Rxb2 31. Re1 Ra2 32. e7 {Black
resigns} 1-0

[Event "Team 45 45 League T46"]
[Site "Internet Chess Club"]
[Date "2010.08.21"]
[Round "3"]
[White "Andressa"]
[Black "Packerfan"]
[Result "0-1"]
[WhiteElo "1499"]
[BlackElo "1645"]
[Opening "Four knights: Italian variation"]
[ECO "C47"]
[Time "10:01:24"]
[TimeControl "2700+45"]

1. e4 e5 2. Nf3 Nc6 3. Nc3 Nf6 4. Bc4 Nxe4 5. O-O Nxc3 6. dxc3 Be7 7. Qd5 O-O 8.
Nxe5 Nxe5 9. Qxe5 Bf6 10. Qg3 d5 11. Bd3 Re8 12. Bf4 c6 13. Rfe1 Be6 14. h3 Qd7
15. Be2 Bf5 16. Bg4 Bxg4 17. Rxe8+ Rxe8 18. Qxg4 Qxg4 19. hxg4 Re4 20. Be3 a6
21. g5 Bd8 22. b3 Re5 23. Bf4 Re6 24. Rd1 Bb6 25. Kf1 Kf8 26. Rd3 Re4 27. Bd6+
Ke8 28. Rh3 Kd7 29. Bg3 Rg4 30. Rxh7 Rxg5 31. Rh4 Ba5 32. b4 Bc7 33. Bxc7 Kxc7
34. c4 Kb6 35. cxd5 Rxd5 36. Ke2 a5 37. bxa5+ Rxa5 38. Rb4+ Rb5 39. Rxb5+ Kxb5
40. Kd3 Kb4 41. Kd4 c5+ 42. Kd5 c4 43. Kd4 b5 44. c3+ Ka3 45. Kc5 Kxa2 46. Kxb5
Kb3 47. f4 Kxc3 48. g4 Kd3 49. Kb4 c3 50. Kb3 c2 51. Kb2 Kd2 {White resigns} 0-1

[Event "Team 45 45 League T46"]
[Site "Internet Chess Club"]
[Date "2010.08.21"]
[Round "3"]
[White "MCJR"]
[Black "redarmy44"]
[Result "1-0"]
[WhiteElo "1441"]
[BlackElo "1343"]
[Opening "Queen's bishop game"]
[ECO "D02"]
[Time "17:00:08"]
[TimeControl "2700+45"]

1. d4 d5 2. Nf3 Nf6 3. Bf4 e6 4. e3 c5 5. c3 Nc6 6. Ne5 cxd4 7. exd4 Bd6 8. Bb5
Bd7 9. Nxf7 Kxf7 10. Bxd6 Nxd4 11. Bxd7 Qxd7 12. Be5 Nf5 13. O-O Nd6 14. Nd2
Rhf8 15. Nf3 Kg8 16. Bd4 Nc4 17. Rb1 a6 18. Ne5 Nxe5 19. Bxe5 Qf7 20. Qd4 Nd7
21. Bd6 Rfe8 22. f4 Rac8 23. Rbe1 Nf6 24. Be5 Rc4 25. Qd3 Ne4 26. Bd4 Rc6 27.
Rf3 b5 28. Ref1 Rf8 29. f5 exf5 30. Rxf5 Qxf5 31. Rxf5 Rxf5 32. a3 Rg6 33. Qh3
Rgg5 34. Be3 Rh5 35. Qg4 Nf6 36. Qd4 Re5 37. Bf2 Ne4 38. Qb6 Nxf2 39. Qd8+ Kf7
40. Kxf2 Rhf5+ 41. Kg3 Re8 42. Qd7+ Re7 43. Qxf5+ Ke8 44. Qxd5 Rd7 45. Qc6 Ke7
46. Qxa6 Rd3+ 47. Kf4 Rd2 48. Qxb5 Rxg2 49. Qc5+ Kf6 50. Qf5+ Ke7 51. Qe4+ Kf6
52. Qxg2 {Black resigns} 1-0

[Event "Team 45 45 League T46"]
[Site "Internet Chess Club"]
[Date "2010.08.22"]
[Round "3"]
[White "PANAMA-REY"]
[Black "Ryan9"]
[Result "0-1"]
[WhiteElo "1387"]
[BlackElo "1316"]
[Opening "Latvian counter-gambit"]
[ECO "C40"]
[Time "18:00:07"]
[TimeControl "2700+45"]

1. e4 e5 2. Nf3 f5 3. Nc3 fxe4 4. Nxe4 d5 5. Nc3 Nc6 6. d4 e4 7. Ne5 Nxe5 8.
dxe5 Bb4 9. a3 Bxc3+ 10. bxc3 Ne7 11. Bb5+ c6 12. Ba4 Qa5 13. Bb3 Qxc3+ 14. Bd2
Qxe5 15. O-O O-O 16. Be3 Bf5 17. Qd2 Ng6 18. c4 Rad8 19. cxd5 cxd5 20. Rad1 Be6
21. Bxa7 Qd6 22. Qb2 Ra8 23. Bd4 Qxa3 24. Qc3 Rfc8 25. Qg3 Qa5 26. h4 Qc7 27.
Qg5 Qf4 28. Qh5 Qxh4 29. Qe2 Ra5 30. f3 Nf4 31. Qb2 Nd3 32. Rxd3 exd3 33. Bxg7
Qg5 34. Bf6 Qe3+ 35. Kh1 d2 36. Bh8 Qh6+ 37. Kg1 Rc1 38. Bc3 Raa1 39. Bd1 Qe3+
40. Kh2 Qxc3 41. Qxb7 Qc7+ 42. Qxc7 Rxc7 43. Kg1 Rcc1 {White resigns} 0-1

[Event "Team 45 45 League T46"]
[Site "Internet Chess Club"]
[Date "2010.08.24"]
[Round "3"]
[White "bayoumicardio10"]
[Black "froggoathorse"]
[Result "0-1"]
[WhiteElo "1642"]
[BlackElo "1802"]
[Opening "Petrov: Nimzovich attack"]
[ECO "C42"]
[Time "18:25:06"]
[TimeControl "2700+45"]

1. e4 e5 2. Nf3 Nf6 3. Nxe5 d6 4. Nf3 Nxe4 5. Nc3 Nxc3 6. dxc3 Be7 7. Be3 O-O 8.
Qd2 Nc6 9. O-O-O Ne5 10. Be2 Re8 11. h3 Be6 12. Kb1 c6 13. Rdg1 Qa5 14. b3 Bf6
15. Qxd6 Nxf3 16. gxf3 Qxc3 17. Kc1 Rad8 18. Qxd8 Rxd8 19. Bd3 {White resigns}
0-1

[Event "Team 45 45 League T46"]
[Site "Internet Chess Club"]
[Date "2010.08.22"]
[Round "3"]
[White "PostMike"]
[Black "sbaker831"]
[Result "0-1"]
[WhiteElo "1531"]
[BlackElo "1634"]
[Opening "French: exchange variation"]
[ECO "C01"]
[Time "14:30:29"]
[TimeControl "2700+45"]

1. e4 e6 2. d4 d5 3. exd5 exd5 4. Nf3 Bd6 5. h3 Ne7 6. Bd3 Bf5 7. Nc3 Bxd3 8.
Qxd3 c6 9. O-O Nd7 10. Ng5 Nf6 11. Re1 O-O 12. Bd2 b5 13. Ne2 Qc7 14. g3 h6 15.
Nf3 g5 16. a4 a6 17. h4 g4 18. Nh2 h5 19. Qe3 Ne4 20. Bc1 Nf5 21. Qd3 Qe7 22.
Nf1 Qe6 23. Bf4 Bxf4 24. Nxf4 Qf6 25. Nxh5 Qxd4 26. Qxd4 Nxd4 27. Rxe4 dxe4 28.
Nf6+ Kg7 29. Nxe4 Nf3+ 30. Kg2 Rfe8 31. Nc5 a5 32. axb5 cxb5 33. c3 f5 34. Ne3
Kg6 35. Rd1 Rad8 36. Rd5 Rxd5 37. Nxd5 Re1 38. Nf4+ Kf7 39. Nh3 Rb1 40. Nd3 Rd1
41. Ndf4 Ne1+ 42. Kh2 gxh3 {White resigns} 0-1

[Event "Team 45 45 League T46"]
[Site "Internet Chess Club"]
[Date "2010.08.22"]
[Round "3"]
[White "OneWay"]
[Black "clarinetref"]
[Result "1/2-1/2"]
[WhiteElo "1594"]
[BlackElo "1657"]
[Opening "Sicilian: Steinitz variation"]
[ECO "B20"]
[Time "11:39:39"]
[TimeControl "2700+45"]

1. e4 c5 2. g3 d6 3. Bg2 Nc6 4. Ne2 Nf6 5. O-O e6 6. d3 Be7 7. Nbc3 O-O 8. h3
Bd7 9. Kh2 Rb8 10. f4 b5 11. a3 a5 12. f5 Qc8 13. fxe6 Bxe6 14. Nf4 Bd7 15. Ncd5
Bd8 16. Nxf6+ Bxf6 17. Nd5 Be5 18. c3 Qd8 19. Be3 b4 20. d4 cxd4 21. cxd4 Bf6
22. Nxf6+ gxf6 23. Bf4 Qe7 24. Re1 Kh8 25. axb4 Rxb4 26. d5 Ne5 27. Rxa5 Rxb2
28. Re2 Rfb8 29. Ra2 R2b3 30. Qd4 R8b4 31. Ra8+ Kg7 32. Qd2 Rb8 33. Bh6+ Kg6 34.
Rxb8 Rxb8 35. Bf4 Rb3 36. Re3 Nc4 37. Qf2 Nxe3 38. Bxe3 f5 39. Qf4 Kg7 40. Qh6+
Kg8 41. Bg5 Qe5 42. Bf4 Qg7 43. Qxd6 Bc8 44. Bh6 Qxg3+ 45. Qxg3+ Rxg3 46. Kxg3
fxe4 47. Bxe4 f5 48. Bd3 Kf7 49. Kf4 Kg6 50. Bg5 Bd7 51. d6 h6 52. Be7 Be6 53.
Bb5 Bc8 54. d7 Bxd7 55. Bxd7 Kf7 56. Bh4 Kg6 57. Bxf5+ Kh5 58. Be7 {Black
stalemated} 1/2-1/2

[Event "Team 45 45 League T46"]
[Site "Internet Chess Club"]
[Date "2010.08.19"]
[Round "3"]
[White "tryanything"]
[Black "quotha"]
[Result "1-0"]
[WhiteElo "1638"]
[BlackElo "1581"]
[Opening "Blackmar gambit"]
[ECO "D00"]
[Time "04:31:06"]
[TimeControl "2700+45"]

1. d4 d5 2. e4 dxe4 3. Nc3 Nf6 4. f3 exf3 5. Nxf3 Bg4 6. h3 Bh5 7. g4 Bg6 8. Ne5
e6 9. a3 Bd6 10. Bf4 Ne4 11. Nxe4 Bxe4 12. Rg1 f6 13. Qe2 Bd5 14. Nd3 O-O 15.
Bxd6 Qxd6 16. O-O-O a5 17. Bg2 Bxg2 18. Rxg2 Nc6 19. c3 Rfe8 20. Qf1 b5 21. g5
f5 22. d5 Qxd5 23. Nf4 Qb3 24. Qf3 Ne5 25. Qh5 Rad8 26. Rgd2 Nc4 27. Nxe6 Nxd2
28. Nxd8 Rxd8 29. Rxd2 Rf8 30. g6 h6 31. Qe2 b4 32. c4 bxa3 33. Qe6+ Kh8 34. Qf7
axb2+ 35. Kb1 Rg8 36. Qxg8+ {Black resigns} 1-0

[Event "Team 45 45 League T46"]
[Site "Internet Chess Club"]
[Date "2010.08.20"]
[Round "3"]
[White "avila"]
[Black "upsan"]
[Result "1/2-1/2"]
[WhiteElo "1621"]
[BlackElo "1878"]
[Opening "French: advance, Paulsen attack"]
[ECO "C02"]
[Time "20:01:24"]
[TimeControl "2700+45"]

1. e4 e6 2. d4 d5 3. e5 c5 4. c3 Nc6 5. Nf3 Qb6 6. a3 Bd7 7. b4 cxd4 8. cxd4 Rc8
9. Be3 Nh6 10. Bd3 Ng4 11. O-O Be7 12. Nbd2 Nxe3 13. fxe3 Nb8 14. Rc1 O-O 15.
Nb3 Ba4 16. Nfd2 Rxc1 17. Qxc1 Bb5 18. Bxb5 Qxb5 19. Nf3 Nc6 20. Qc3 b6 21. Rc1
Rc8 {Game drawn by mutual agreement} 1/2-1/2

[Event "Team 45 45 League T46"]
[Site "Internet Chess Club"]
[Date "2010.08.19"]
[Round "3"]
[White "Buford-Julep"]
[Black "vkpanch"]
[Result "1-0"]
[WhiteElo "1721"]
[BlackElo "1668"]
[Opening "King's Indian: Gligoric-Taimanov system"]
[ECO "E92"]
[Time "21:01:36"]
[TimeControl "2700+45"]

1. c4 Nf6 2. Nc3 g6 3. e4 d6 4. d4 Bg7 5. Be2 O-O 6. Nf3 e5 7. Be3 Na6 8. O-O
Ng4 9. Bg5 Qe8 10. d5 f5 11. a3 f4 12. Nd2 Nf6 13. f3 h6 14. Bxf6 Bxf6 15. b4
Kh7 16. Nb3 b6 17. Qc2 g5 18. Nb5 Bd7 19. Qc3 Rg8 20. a4 g4 21. c5 gxf3 22. Rxf3
Qg6 23. Bf1 bxc5 24. bxc5 Bxb5 25. axb5 Nxc5 26. Nxc5 dxc5 27. Qxc5 Qxe4 28. Bd3
Qxd3 29. Rxd3 e4 30. Rda3 Bxa1 31. Rxa1 e3 32. Qxc7+ Kh8 33. Qxf4 Rg6 34. Qd4+
Kh7 35. Rxa7+ Rxa7 36. Qxa7+ Rg7 37. Qxg7+ Kxg7 38. b6 e2 39. Kf2 Kf6 40. b7 Ke7
41. b8=Q {Black resigns} 1-0

[Event "Team 45 45 League T46"]
[Site "Internet Chess Club"]
[Date "2010.08.19"]
[Round "3"]
[White "Eyechess"]
[Black "SlimeDog2"]
[Result "1/2-1/2"]
[WhiteElo "1766"]
[BlackElo "2171"]
[Opening "Bishop's opening: Berlin defense"]
[ECO "C24"]
[Time "21:24:52"]
[TimeControl "2700+45"]

1. e4 e5 2. Bc4 Nf6 3. d3 d5 4. exd5 Nxd5 5. Nf3 Nc6 6. O-O Bg4 7. Re1 Qd6 8.
Nc3 Nxc3 9. bxc3 Be7 10. h3 Bh5 11. Qe2 O-O-O 12. Qe4 Bg6 13. Qg4+ f5 14. Qg3
Bf6 15. Nh4 Ne7 16. Nxg6 hxg6 17. Rb1 f4 18. Qf3 c6 19. Qg4+ Kc7 20. Rb3 Rh4 21.
Ba3 Qd7 22. Qxd7+ Rxd7 23. Be6 Rd8 24. Bxe7 Bxe7 25. Rxe5 Bf6 26. Re4 g5 27. Bg4
Rhh8 28. Ra4 Ra8 29. Kf1 Rhe8 {Game drawn by mutual agreement} 1/2-1/2

[Event "Team 45 45 League T46"]
[Site "Internet Chess Club"]
[Date "2010.08.23"]
[Round "3"]
[White "AncientTurnip"]
[Black "Yedixon"]
[Result "1-0"]
[WhiteElo "1754"]
[BlackElo "1690"]
[Opening "Queen's pawn game, Chigorin variation"]
[ECO "D02"]
[Time "20:30:19"]
[TimeControl "2700+45"]

1. d4 d5 2. Nf3 Nc6 3. Bf4 Bg4 4. e3 f6 5. Be2 e6 6. O-O h5 7. h3 g5 8. Bh2 Bf5
9. c4 Nh6 10. Nc3 g4 11. Nh4 Bd6 12. Bxd6 Qxd6 13. Nxf5 Nxf5 14. cxd5 exd5 15.
Qc2 Nce7 16. Nb5 Qd7 17. Nxc7+ Kf7 18. Nxa8 gxh3 19. Nc7 hxg2 20. Kxg2 Nh4+ 21.
Kh2 Qd6+ 22. f4 Nhf5 23. Qc5 Qxc5 24. dxc5 Nxe3 25. Rg1 a6 26. Bf3 Rc8 27. Bxh5+
Kf8 28. Ne6# {Black checkmated} 1-0

[Event "Team 45 45 League T46"]
[Site "Internet Chess Club"]
[Date "2010.08.23"]
[Round "3"]
[White "randallsr"]
[Black "musk6868"]
[Result "0-1"]
[WhiteElo "1701"]
[BlackElo "1804"]
[Opening "Réti opening"]
[ECO "A04"]
[Time "21:00:19"]
[TimeControl "2700+45"]

1. Nf3 c5 2. b3 Nc6 3. Bb2 Nf6 4. g3 g6 5. Bg2 Bg7 6. c4 O-O 7. O-O d6 8. d3 Rb8
9. Nbd2 a6 10. Ng5 h6 11. Bxc6 bxc6 12. Ngf3 Bg4 13. Ne1 a5 14. Rb1 Qd7 15. Ne4
Nh5 16. Bxg7 Nxg7 17. f3 Bh3 18. Ng2 Nf5 19. Qd2 Kh7 20. Rf2 Bxg2 21. Kxg2 a4
22. Rff1 axb3 23. axb3 Rb4 24. e3 Rfb8 25. g4 Ng7 26. Qc3 Qe6 27. Rfe1 f5 28.
Ng3 fxg4 29. f4 Nf5 30. Nxf5 Qxf5 31. Re2 Qh5 32. Ra2 Qh3+ 33. Kh1 Rxb3 {White
resigns} 0-1

[Event "Team 45 45 League T46"]
[Site "Internet Chess Club"]
[Date "2010.08.19"]
[Round "3"]
[White "tightfist"]
[Black "justice02"]
[Result "0-1"]
[WhiteElo "1560"]
[BlackElo "1773"]
[Opening "Polish (Sokolsky) opening"]
[ECO "A00"]
[Time "19:33:18"]
[TimeControl "2700+45"]

1. b4 d5 2. d4 Nf6 3. a3 c6 4. e3 Bg4 5. Nf3 e6 6. Nbd2 Ne4 7. Nxe4 dxe4 8. h3
exf3 9. hxg4 fxg2 10. Bxg2 Nd7 11. c4 g6 12. Bb2 Bg7 13. Qf3 Qf6 14. Ke2 Qxf3+
15. Bxf3 O-O-O 16. g5 Nb6 17. Rac1 Kb8 18. Rh3 h5 19. Be4 Rd7 20. f4 f5 21. gxf6
Bxf6 22. Rg3 Rg7 23. Kd3 g5 24. fxg5 Rxg5 25. Rcg1 Rhg8 26. Rxg5 Rxg5 27. Rxg5
Bxg5 28. Bf3 h4 29. Bg4 Bxe3 30. Bxe6 Bf2 31. Bc1 Bg3 32. Kc3 Nc8 33. Bg5 Nd6
34. Kd3 Kc7 35. a4 a6 36. Ke3 b5 37. axb5 axb5 38. c5 Nc4+ 39. Kf3 Na3 40. Bf4+
Bxf4 41. Kxf4 Nc2 42. Ke4 Nxb4 43. Kf3 Kd8 44. Kg4 Ke7 45. Bb3 Kf6 46. Kxh4 Kf5
47. Kg3 Ke4 48. d5 Nxd5 49. Kf2 Kd4 50. Ke2 Nc3+ 51. Kd2 Ne4+ 52. Kc2 Nxc5 53.
Bf7 Nb7 54. Be8 Kc5 55. Kb3 Nd6 56. Bd7 Ne4 57. Be8 b4 58. Ka4 Nc3+ 59. Kb3 Nb5
60. Ka4 Nd4 61. Bd7 b3 62. Ka3 Kc4 63. Kb2 Kb4 64. Be8 c5 65. Bh5 c4 66. Bg6 Ne2
67. Bh7 c3+ 68. Kb1 Ka3 69. Bd3 Nd4 70. Bg6 c2+ 71. Bxc2 bxc2+ 72. Kc1 Kb3 73.
Kd2 Kb2 74. Kd3 Nb3 75. Ke2 c1=Q {White resigns} 0-1

[Event "Team 45 45 League T46"]
[Site "Internet Chess Club"]
[Date "2010.08.20"]
[Round "3"]
[White "Zumbi"]
[Black "charles-allen"]
[Result "1/2-1/2"]
[WhiteElo "1971"]
[BlackElo "1866"]
[Opening "Petrov: Kaufmann attack"]
[ECO "C42"]
[Time "21:10:22"]
[TimeControl "2700+45"]

1. e4 e5 2. Nf3 Nf6 3. Nxe5 d6 4. Nf3 Nxe4 5. c4 Be7 6. d4 d5 7. Nc3 Nxc3 8.
bxc3 O-O 9. Qc2 Re8 10. Be3 Be6 11. Bd3 g6 12. Qe2 Nc6 13. O-O Na5 14. cxd5 Qxd5
15. Ne5 c5 16. Bb5 Red8 17. Rfd1 a6 18. Ba4 b5 19. Bc2 Nc6 20. Bb3 Qd6 21. Nxg6
hxg6 22. d5 c4 23. dxe6 Qxe6 24. Bc2 Bc5 25. a4 Bxe3 26. Qxe3 Qxe3 27. fxe3
Rxd1+ 28. Rxd1 Ne5 29. axb5 axb5 30. Be4 {Game drawn by mutual agreement}
1/2-1/2